 Dungeon Crawl Stone Soup version 0.30.1-11-g7821555f0a (webtiles) character file.

Game seed: 7136151760696950439

103495 Ivernyr the Stickfighter (level 16, -9/134 HPs)
             Began as a Formicid Fighter on Dec 4, 2023.
             Was the Champion of Wu Jian.
             Mangled by a +6 glaive of pain (20 damage)
             ... on level 1 of the Elven Halls on Dec 5, 2023.
             The game lasted 01:26:32 (29328 turns).

Ivernyr the Stickfighter (Formicid Fighter)        Turns: 29328, Time: 01:26:34

Health: -9/134     AC: 31    Str: 32    XL:     16   Next: 89%
Magic:  16/16      EV: 12    Int:  8    God:    Wu Jian [******]
Gold:   1938       SH: 19    Dex: 13    Spells: 15/15 levels left

rFire   . . .        a - +0 quarterstaff (heavy)
rCold   . . .        c - +0 tower shield
rNeg    . . .        b - +0 plate armour {Will+}
rPois   .            (helmet unavailable)
rElec   .            f - +2 cloak
rCorr   .            O - +2 pair of gloves {Str+3}
SInv    +            t - +2 pair of boots
Will    ++...        (no amulet) Stlth
                     e - +4 ring of protection
HPRegen 0.42/turn    B - +5 ring of evasion
MPRegen 0.15/turn

%: no passive effects
@: no status effects
A: permanent stasis, dig shafts and tunnels, antennae 3, four strong arms
a: Dig, Shaft Self, Renounce Religion, Wall Jump, Serpent's Lash, Heavenly Storm


You were on level 1 of the Elven Halls.
You worshipped Wu Jian.
Wu Jian was exalted by your worship.
You visited 4 branches of the dungeon, and saw 23 of its levels.

You collected 2353 gold pieces.
You spent 415 gold pieces at shops.

Inventory:

Hand Weapons
 a - a +0 heavy quarterstaff (weapon)
Armour
 b - a +0 plate armour of willpower (worn)
 c - a +0 tower shield (worn)
 f - a +2 cloak (worn)
 t - a +2 pair of boots (worn)
 O - a +2 pair of gloves of strength (worn)
Jewellery
 e - a +4 ring of protection (left hand)
 w - a ring of positive energy
 z - a ring of positive energy
 B - a +5 ring of evasion (right hand)
 L - a ring of flight
Wands
 y - a wand of paralysis (24)
 D - a wand of digging (8)
 G - a wand of iceblast (20)
 H - a wand of polymorph (7)
 J - a wand of acid (9)
 N - a wand of flame (30)
Scrolls
 g - 2 scrolls of enchant weapon
 l - 3 scrolls of enchant armour
 r - 6 scrolls of magic mapping
 v - 5 scrolls of immolation
 x - a scroll of summoning
 A - 2 scrolls of brand weapon
 E - 3 scrolls of fear
 I - 2 scrolls of fog
 R - a scroll of vulnerability
Potions
 d - 4 potions of might
 h - a potion of magic {unknown}
 i - 2 potions of invisibility {unknown}
 j - 5 potions of brilliance {unknown}
 k - a potion of resistance {unknown}
 m - a potion of mutation {unknown}
 n - 4 potions of flight {unknown}
 o - 3 potions of cancellation {unknown}
 p - 6 potions of curing
 q - 2 potions of ambrosia {unknown}
 u - 4 potions of attraction {unknown}
 C - 3 potions of degeneration {unknown}
 F - 5 potions of lignification {unknown}
 K - a potion of berserk rage {unknown}
 M - a potion of haste
 S - 2 potions of heal wounds
Miscellaneous
 P - a phantom mirror


   Skills:
 + Level 14.7 Fighting
 * Level 18.2 Staves
 + Level 14.7 Armour
 + Level 17.2 Shields


You had 15 spell levels left.
You didn't know any spells.
Your spell library contained the following spells:

 Spells                   Type           Power      Damage    Failure   Level
 Apportation              Tloc           0%         N/A       98%         1
 Magic Dart               Conj           0%         1d3       98%         1
 Necrotise                Necr           0%         1d4       98%         1
 Sandblast                Erth           0%         2d4       98%         1
 Call Imp                 Summ           0%         N/A       99%         2
 Ensorcelled Hibernation  Hex/Ice        0%         N/A       99%         2
 Passwall                 Tmut/Erth      0%         N/A       99%         2
 Poisonous Vapours        Pois/Air       0%         N/A       99%         2
 Searing Ray              Conj           0%         2d4       99%         2
 Sublimation of Blood     Necr           0%         N/A       99%         2
 Wereblood                Tmut           0%         N/A       99%         2
 Dazzling Flash           Conj/Hex       0%         N/A       100%        3
 Mephitic Cloud           Conj/Pois/Air  0%         N/A       100%        3
 Spider Form              Tmut/Pois      0%         N/A       100%        3
 Stone Arrow              Conj/Erth      0%         3d7       100%        3
 Vampiric Draining        Necr           0%         2d6       100%        3
 Volatile Blastmotes      Fire/Tloc      0%         2d10      100%        3
 Anguish                  Hex/Necr       0%         N/A       100%        4
 Fulminant Prism          Conj/Hex       0%         3d5       100%        4
 Iskenderun's Mystic Bla  Conj/Tloc      0%         2d3       100%        4
 Agony                    Necr           0%         N/A       100%        5
 Alistair's Intoxication  Tmut/Pois      0%         N/A       100%        5
 Freezing Cloud           Conj/Ice/Air   0%         6-21      100%        5
 Starburst                Conj/Fire      0%         6d3       100%        6
 Summon Hydra             Summ           0%         N/A       100%        7


Dungeon Overview and Level Annotations

Branches:
Dungeon (15/15)            Temple (0/1) D:5            Lair (5/5) D:11
 Shoals (0/4) Lair:2        Snake (0/4) Lair:3        Slime (0/5) Lair:5
    Orc (2/2) D:12            Elf (1/3) Orc:2        Vaults (0/5) D:14
 Depths (0/4) D:15

Altars:
Ashenzari
Cheibriados
Dithmenos
Elyvilon
Gozag
Hepliaklqana
Okawaru
Sif Muna
Trog
Uskayaw
Wu Jian
Xom
Yredelemnul

Shops:
D:3 *   Orc:1 (?=(:   Orc:2 [***

Annotations:
D:7 2 transporters
D:9 3 runed translucent doors, ripuliukko's ghost, novice GrEE


Innate Abilities, Weirdness & Mutations

You cannot be hasted, slowed, berserked, paralysed or teleported.
You can dig through walls and to a lower floor.
You have a pair of large antennae on your head. (SInv)
Your four strong arms can wield two-handed weapons with a shield.


Message History

The bolt of lightning hits you!
* * * LOW HITPOINT WARNING * * *
Things that are here:
a +0 rapier; an elf corpse The deep elf zephyrmancer mumbles some strange words.
The deep elf zephyrmancer blinks!
The deep elf zephyrmancer points at you and mumbles some strange words.
The bolt of lightning hits you!
* * * LOW HITPOINT WARNING * * *
Things that are here:
a +0 shortbow; an elf corpse An earth elemental comes into view.
A fire elemental comes into view.
The fire elemental moves out of view.
There are monsters nearby!
You barely miss the fire elemental. The fire elemental barely misses you.
You bludgeon the fire elemental!!
The fire elemental is severely damaged.
You block the fire elemental's attack.
You sock the fire elemental!
You destroy the fire elemental!
The Council accepts your kill.
You thump the deep elf archer!
The deep elf archer is moderately wounded.
The deep elf archer unwields a +0 shortbow.
The deep elf archer wields a +0 short sword.
You block the deep elf archer's attack.
You bludgeon the deep elf archer!!
The deep elf archer is almost dead.
The deep elf archer gestures wildly while chanting.
The deep elf archer blinks!
A +6 glaive of pain comes into view.
You closely miss the deep elf zephyrmancer.
The deep elf zephyrmancer is almost dead.
The deep elf archer unwields a +0 short sword.
The deep elf archer wields a +0 shortbow.
The deep elf archer shoots an arrow.
The arrow hits you!
* * * LOW HITPOINT WARNING * * *
The +6 glaive of pain hits you from afar!!
You die...

..................
..................##
.##...............○.
.###.............###
...............e.#..
...........#......#
......
.................#
#......
.#.#.............#
.......
.#.#...###......@#
....../ .#.#...#
###...e## ##..e....
...#...# #...(.##
##........ .#.##.##
####...###.....§...
.#.##..
.........#).))).......
.. ...
########{##.##..e.....
#......##.###.......
#.#######.)...>..#..
#. #######.## .


You could see a deep elf archer (repels missiles), a deep elf zephyrmancer and a
+6 glaive of pain.

Vanquished Creatures
  Rupert (Lair:3)
  Kirke (D:14)
  An orc warlord (D:12)
  Nessos (D:14)
  A dire elephant (Lair:5)
  2 ettins
  Josephine (D:12)
  2 vault guards (D:14)
  A fire dragon (D:15)
  A rakshasa (D:13)
  4 hydras
  3 boulder beetles
  2 catoblepae
  8 centaur warriors
  3 two-headed ogres
  A deep troll shaman (Lair:5)
  2 tengu warriors
  A death knight (D:14)
  10 death yaks
  4 orc high priests
  A storm dragon zombie (D:15)
  Urug (D:13)
  2 deep elf knights (Elf:1)
  Lodul (D:13)
  2 skysharks
  9 skeletal warriors
  A deep elf archer (Elf:1)
  A flayed ghost (D:15)
  2 wizards (D:14)
  An orc knight (Orc:1)
  A tengu zombie (D:15)
  5 deep elf pyromancers
  8 deep elf zephyrmancers (Elf:1)
  A necromancer (D:15)
  3 orc sorcerers
  6 cyclopes
  10 ugly things
  5 manticores
  4 elephants (Lair:5)
  A frost giant skeleton (D:15)
  Joseph (D:10)
  7 black mambas
  An eye of devastation (shapeshifter) (D:15)
  A molten gargoyle (Lair:4)
  A gargoyle (D:13)
  9 cane toads
  3 unseen horrors
  2 rime drakes (Lair:5)
  Psyche (D:10)
  10 komodo dragons
  A yaktaur (D:14)
  2 freezing wraiths (D:14)
  2 kobold demonologists
  A tengu conjurer (D:13)
  5 trolls
  A troll (shapeshifter) (Elf:1)
  2 polar bears
  14 blink frogs
  A spriggan zombie (D:15)
  9 slime creatures
  2 water elementals
  5 wyverns
  2 shadows
  30 yaks
  A spriggan (D:12)
  19 humans (D:14)
  A hog (D:14)
  A fire elemental (Elf:1)
  A vampire (D:10)
  5 wraiths
  4 vampire mosquitoes (D:12)
  4 basilisks
  A steam dragon (Lair:2)
  3 nagas (Lair:3)
  5 wargs
  17 water moccasins
  An ice beast (D:6)
  A meliai simulacrum (D:15)
  22 orc warriors
  3 black bears
  13 ogres
  32 wolves
  12 centaurs
  A phantom (D:5)
  13 bullfrogs
  5 kobold brigands
  An earth elemental (Elf:1)
  5 scorpions
  8 wights
  15 killer bees
  5 howler monkeys
  4 electric eels
  6 lava snakes
  2 hounds (D:6)
  14 jellies (Lair:5)
  29 orc priests
  3 iguanas
  Natasha (thrice) (D:3)
  23 orc wizards
  3 gnolls (D:4)
  10 adders
  A white imp (D:7)
  An ufetubus (D:5)
  4 dart slugs
  A worm (D:2)
  65 orcs
  6 ball pythons
  3 bats
  7 endoplasms
  7 giant cockroaches
  6 goblins
  8 hobgoblins
  4 jackals (D:1)
  23 kobolds
  7 quokkas
  2 frilled lizards
  3 rats
672 creatures vanquished.

Vanquished Creatures (others)
  A deep elf knight (Elf:1)
  A wizard (D:14)
  A black mamba (Lair:5)
  An orc warrior (Orc:2)
4 creatures vanquished.

Grand Total: 676 creatures vanquished

Notes
Turn   | Place    | Note
-------+----------+-------------------------------------------
     0 | D:1      | Ivernyr the Formicid Fighter began the quest for the Orb.
     0 | D:1      | Reached XP level 1. HP: 18/18 MP: 1/1
   141 | D:1      | Reached XP level 2. HP: 12/24 MP: 2/2
   420 | D:1      | Reached XP level 3. HP: 29/29 MP: 3/3
  1258 | D:2      | Reached XP level 4. HP: 32/37 MP: 4/4
  1259 | D:2      | Reached skill level 3 in Staves
  1414 | D:2      | Found a faded altar of an unknown god.
  1771 | D:3      | Reached XP level 5. HP: 42/42 MP: 5/5
  1772 | D:3      | Found Morghe Ahau's General Store.
  1791 | D:3      | Bought a potion of heal wounds for 60 gold pieces
  2281 | D:3      | Noticed Natasha
  2304 | D:3      | Killed Natasha
  2407 | D:3      | Reached skill level 5 in Shields
  2473 | D:3      | Found a shadowy altar of Dithmenos.
  2677 | D:3      | Noticed Natasha
  2682 | D:3      | Killed Natasha
  2711 | D:3      | Noticed Natasha
  2716 | D:3      | Killed Natasha
  2717 | D:3      | Reached XP level 6. HP: 44/48 MP: 6/6
  2951 | D:4      | Reached skill level 4 in Staves
  3376 | D:4      | Found an ornate altar of the Wu Jian Council.
  3500 | D:4      | Noticed a spectral centipede
  3500 | D:4      | Noticed a spectral black mamba
  3500 | D:4      | Noticed a spectral cane toad
  3501 | D:4      | Became a worshipper of the Wu Jian Council
  3780 | D:5      | Entered Level 5 of the Dungeon
  3790 | D:5      | Noticed a black bear
  3801 | D:5      | Killed a black bear
  3802 | D:5      | Reached XP level 7. HP: 52/55 MP: 7/7
  3881 | D:5      | Found a snail-covered altar of Cheibriados.
  3953 | D:5      | Found a staircase to the Ecumenical Temple.
  4022 | D:5      | Reached skill level 5 in Staves
  4176 | D:5      | Reached skill level 5 in Armour
  4311 | D:6      | Found a faded altar of an unknown god.
  4320 | D:6      | Reached skill level 5 in Fighting
  4373 | D:6      | Noticed a water moccasin
  4403 | D:5      | HP: 2/56 [water moccasin (3)]
  4404 | D:5      | Killed a water moccasin
  4405 | D:5      | Reached XP level 8. HP: 3/62 MP: 8/8
  4781 | D:6      | Reached skill level 6 in Staves
  4919 | D:6      | Found an opulent altar of Gozag.
  5274 | D:6      | Reached XP level 9. HP: 69/69 MP: 9/9
  5284 | D:6      | Reached skill level 7 in Staves
  5305 | D:6      | You fall into a shaft and drop 2 floors!
  6028 | D:8      | Reached * piety under Wu Jian
  6400 | D:8      | Reached skill level 8 in Staves
  6423 | D:7      | You fall into a shaft and drop 3 floors!
  6423 | D:10     | Entered Level 10 of the Dungeon
  6431 | D:10     | Found a hazy altar of Hepliaklqana.
  6861 | D:7      | Noticed a kobold demonologist
  6862 | D:7      | Found a transporter.
  6882 | D:7      | Reached XP level 10. HP: 60/79 MP: 10/10
  6891 | D:7      | Found a transporter.
  7524 | D:8      | Found a shimmering blue altar of Sif Muna.
  7723 | D:8      | Found an iron altar of Okawaru.
  7861 | D:9      | Reached skill level 9 in Staves
  8060 | D:9      | Reached ** piety under Wu Jian
  8237 | D:9      | Found a runed translucent gate.
  8238 | D:9      | Found a runed translucent gate.
  8239 | D:9      | Found a runed translucent gate.
  8240 | D:9      | Noticed ripuliukko's ghost (novice GrEE)
  8240 | D:9      | Noticed a ten-headed hydra
  8253 | D:9      | Noticed a kobold demonologist
  8310 | D:9      | Killed a kobold demonologist
  9061 | D:10     | Reached skill level 10 in Staves
  9103 | D:10     | Found a bloodstained altar of Trog.
  9128 | D:10     | Found a hide-covered altar of Uskayaw.
  9165 | D:10     | Reached skill level 10 in Shields
  9186 | D:10     | Noticed an unseen horror
  9210 | D:10     | Killed an unseen horror
  9211 | D:10     | Reached XP level 11. HP: 69/87 MP: 11/11
  9436 | D:10     | Noticed Psyche
  9451 | D:10     | Killed Psyche
  9692 | D:10     | Found a hide-covered altar of Uskayaw.
  9695 | D:10     | Found a white marble altar of Elyvilon.
  9695 | D:10     | Found a shimmering blue altar of Sif Muna.
  9697 | D:10     | Found a basalt altar of Yredelemnul.
  9697 | D:10     | Found a broken altar of Ashenzari.
  9697 | D:10     | Found a shimmering altar of Xom.
  9775 | D:10     | Noticed Joseph
  9788 | D:10     | Killed Joseph
 10248 | D:11     | Noticed a death yak
 10249 | D:11     | Noticed a death yak
 10253 | D:11     | Noticed a death yak
 10253 | D:11     | Noticed a death yak
 10254 | D:11     | Noticed a death yak
 10258 | D:11     | Noticed a death yak
 10258 | D:11     | Noticed a death yak
 10263 | D:11     | Noticed a cyclops
 10280 | D:10     | Killed a death yak
 10503 | D:10     | Killed a death yak
 10528 | D:10     | Killed a death yak
 10529 | D:10     | Reached skill level 11 in Staves
 10824 | D:10     | Killed a death yak
 10948 | D:10     | You fall into a shaft and drop 2 floors!
 11204 | D:11     | Found a staircase to the Lair.
 11231 | D:11     | Killed a death yak
 11242 | D:11     | Noticed a sun demon
 11293 | D:11     | Killed a cyclops
 11372 | D:10     | Killed a death yak
 11373 | D:10     | Reached XP level 12. HP: 51/96 MP: 12/12
 11387 | D:10     | Killed a death yak
 11736 | D:11     | Reached *** piety under Wu Jian
 12001 | D:11     | Reached skill level 12 in Staves
 12292 | Lair:1   | Entered Level 1 of the Lair of Beasts
 12321 | Lair:1   | Reached skill level 10 in Fighting
 12321 | Lair:1   | Reached skill level 10 in Armour
 13743 | Lair:2   | Noticed a catoblepas
 13755 | Lair:2   | Killed a catoblepas
 13795 | Lair:2   | Reached skill level 13 in Staves
 13863 | Lair:2   | Found a staircase to the Shoals.
 13876 | Lair:2   | Reached XP level 13. HP: 96/104 MP: 13/13
 14175 | Lair:2   | Reached **** piety under Wu Jian
 14864 | Lair:3   | Noticed a six-headed hydra
 14869 | Lair:3   | Killed a six-headed hydra
 15018 | Lair:3   | Noticed Rupert
 15046 | Lair:3   | You fall into a shaft and drop 1 floor!
 15564 | Lair:4   | Reached skill level 14 in Staves
 15882 | Lair:3   | You fall into a shaft and drop 2 floors!
 15882 | Lair:5   | Entered Level 5 of the Lair of Beasts
 16605 | Lair:3   | Killed Rupert
 16606 | Lair:3   | Reached XP level 14. HP: 69/114 MP: 14/14
 16870 | Lair:3   | Found a staircase to the Snake Pit.
 17899 | Lair:5   | Reached ***** piety under Wu Jian
 18010 | Lair:5   | Found a staircase to the Slime Pits.
 18118 | Lair:5   | Reached skill level 15 in Staves
 18262 | Lair:5   | Noticed a dire elephant
 18339 | Lair:5   | Killed a dire elephant
 19318 | Lair:5   | Identified the +10 hand axe of Responsibility {heavy, MP+9}
 19752 | D:12     | Found a staircase to the Orcish Mines.
 19780 | D:12     | Noticed Josephine
 19790 | D:12     | Killed Josephine
 19938 | D:12     | Reached skill level 15 in Shields
 20505 | D:13     | Noticed Urug
 20516 | D:13     | Killed Urug
 20750 | D:13     | Reached XP level 15. HP: 118/122 MP: 15/15
 20779 | D:13     | Reached skill level 16 in Staves
 20993 | D:13     | Noticed Lodul
 21007 | D:13     | Killed Lodul
 22467 | D:14     | Found a gate to the Vaults.
 22768 | D:14     | Noticed Nessos
 22777 | D:14     | Killed Nessos
 23119 | D:14     | Reached skill level 17 in Staves
 23324 | D:14     | Found a hide-covered altar of Uskayaw.
 23958 | D:14     | Noticed Kirke
 23966 | D:14     | Killed Kirke
 24012 | D:15     | Entered Level 15 of the Dungeon
 24182 | D:15     | Reached XP level 16. HP: 114/132 MP: 16/16
 24634 | D:15     | Found a staircase to the Depths.
 25382 | Orc:1    | Entered Level 1 of the Orcish Mines
 25685 | Orc:1    | Found Minobbih's Jewellery Emporium.
 25687 | Orc:1    | Found Roone's Magic Scroll Emporium.
 25693 | Orc:1    | Found Fuemnodi's Vocational Training.
 25697 | Orc:1    | Reached ****** piety under Wu Jian
 25948 | Orc:1    | Found Gor Bidanle's Antique Weapon Shoppe.
 25972 | Orc:1    | Bought a blackened glaive for 230 gold pieces
 25972 | Orc:1    | Identified the +1 glaive "Veraleup" {heavy, rC+} (You
                  | bought it in a shop on level 1 of the Orcish Mines)
 26095 | Orc:1    | Found Cysod's Weapon Shoppe.
 26319 | Orc:2    | Entered Level 2 of the Orcish Mines
 27513 | Orc:2    | Reached skill level 18 in Staves
 27957 | Orc:2    | Found a staircase to the Elven Halls.
 27960 | Orc:2    | Found Kacsytom's General Store.
 27960 | Orc:2    | Found Laczepea's Assorted Antiques.
 27961 | Orc:2    | Found Tielaq's Armour Boutique.
 27965 | Orc:2    | Found Errufys's Assorted Antiques.
 27971 | Orc:2    | Bought a potion of heal wounds for 125 gold pieces
 28267 | Elf:1    | Entered Level 1 of the Elven Halls
 29328 | Elf:1    | Mangled by a +6 glaive of pain

Illustrated notes

Levels and vault maps discovered:
D:1:      dpeg_arrival_ternary, layout_basic
D:2:      layout_loops_cross, basic_ecumenical_altar
D:3:      layout_basic, mainiacjoe_overflow_brackets, serial_shops, shop,
          uniq_natasha
D:4:      layout_basic, pdpol_wu_jian_five_deadly_venoms
D:5:      layout_basic, mainiacjoe_overflow_chevrons, minmay_temple_entry_mist
D:6:      layout_cave_pools, grunt_gozag_statues, serial_column_ruins,
          column_ruins_temple_circle, column_ruins_columns_straight,
          column_ruins_columns_water, column_ruins_grid_1,
          column_ruins_open_tiny, column_ruins_open_tiny_water,
          column_ruins_columns_straight, column_ruins_columns_T, minmay_circle_x
D:7:      gammafunk_wand_slinger, layout_rooms, hangedman_abyss_or_decor_stagger
D:8:      layout_cave_pods, mainiacjoe_overflow_big_doors
D:9:      layout_loops_ring, gammafunk_ghost_hydra_chop
D:10:     layout_basic, doesnt_xom_only_xom, lemuel_crystal_altar,
          lemuel_crystal_altar, mainiacjoe_overflow_tiny_flanked, uniq_psyche,
          uniq_joseph
D:11:     layout_cross, dpeg_lair_monsters
D:12:     layout_irregular_city, orc_0_dummy, nrook_pool_corridor, the_hattery,
          uniq_josephine
D:13:     layout_gridville, uniq_lodul, uniq_urug
D:14:     layout_irregular_city, grunt_vaults_entry_tiered,
          nicolae_uskayaw_suspiria, roderic_lattice_a, uniq_kirke, uniq_nessos
D:15:     gammafunk_depths_entry_grave, layout_stronghold
Lair:1:   layout_regular_city, beast_lair_carwin_3
Lair:2:   layout_cellular_growth, shoals_dummy_entry,
          nicolae_lair_liquid_snakes, grunt_megastairs_3
Lair:3:   layout_loops_ring, nicolae_snake_entry_squirm, uniq_rupert
Lair:4:   layout_gridlike
Lair:5:   grunt_lair_end_beastmaster, layout_layer_cave,
          minmay_slime_entry_jelly_boxes, nicolae_lair_lil_pond, st_stairs_11,
          infiniplex_staircase_pool_2
Orc:1:    layout_caves, serial_shops, nicolae_shop_window_shopping,
          nicolae_shop_just_a_little_nook, nicolae_shop_peninsula, shop,
          nicolae_shop_vocational
Orc:2:    st_orc_mages, layout_caves
Elf:1:    eino_elf_arrival_customs, layout_loops_ring, serial_shops, statue_bzr,
          hangedman_elf_represent

Skill      XL: |  1  2  3  4  5  6  7  8  9 10 11 12 13 14 15 16 |
---------------+-------------------------------------------------+-----
Staves         | 3 4 5 6 8 10 11 13 14 15 17 18 | 18.2
Armour         | 4 5 6 7 8 9 10 11 12 13 14 | 14.7
Fighting       | 4 5 6 7 8 9 10 11 12 13 14 | 14.7
Shields        | 5 6 7 8 10 11 12 14 15 16 17 | 17.2

Action                     |  1- 3 |  4- 6 |  7- 9 | 10-12 | 13-15 | 16-18 || total
---------------------------+-------+-------+-------+-------+-------+-------++-------
  Melee: Quarterstaff      |   117 |   173 |   302 |   845 |  1116 |   534 ||  3087
 Invoke: Serpent's Lash    |       |       |       |     2 |    16 |    10 ||    28
Ability: Lunge             |       |       |     7 |    33 |    83 |    55 ||   178
         Whirlwind         |       |       |     4 |    85 |   306 |   150 ||   545
         Shaft Self        |       |       |     1 |     1 |     2 |       ||     4
         Dig               |       |       |       |     2 |       |       ||     2
         Wall Jump         |       |       |       |     1 |     2 |       ||     3
    Use: Potion            |       |     1 |       |     4 |     1 |     2 ||     8
         Scroll            |       |       |       |     9 |     5 |     3 ||    17
   Stab: Petrifying        |       |       |       |       |     1 |       ||     1
 Armour: Scale mail        |    59 |    78 |   140 |    91 |       |       ||   368
         Plate armour      |       |       |       |    92 |   418 |   136 ||   646
  Dodge: Dodged            |    41 |    70 |    70 |   209 |   357 |   114 ||   861
  Block: Buckler           |    25 |    40 |       |       |       |       ||    65
         Tower shield      |       |       |   209 |   571 |   903 |   379 ||  2062
